 Dungeon Crawl Stone Soup version 0.20.1-1-g8b1a95d (webtiles) character file.

1802 vineage the Carver (level 8, -11/58 HPs)
             Began as a Demonspawn Berserker on Oct 22, 2017.
             Was an Elder of Trog.
             Mangled by a two-headed ogre
             ... wielding a +0 giant club
              (26 damage)
             ... on level 8 of the Dungeon.
             The game lasted 00:09:10 (6314 turns).

vineage the Carver (Demonspawn Berserker)           Turns: 6314, Time: 00:09:11

Health: -11/58     AC: 11    Str: 21    XL:     8   Next: 83%
Magic:  8/8        EV:  4    Int:  8    God:    Trog [****..]
Gold:   242        SH:  8    Dex: 12    Spells: 7/7 levels left

rFire    . . .     SeeInvis .   a - +1 falchion
rCold    . . .     Gourm    .   l - +0 shield
rNeg     . . .     Faith    +   m - +0 plate armour
rPois    .         Spirit   .   (helmet restricted)
rElec    .         Reflect  .   y - +0 cloak (curse)
rCorr    .         Harm     .   (gloves unavailable)
MR       ++...                  (no boots)
Stlth    ..........             h - amulet of faith
Regen    1.2/turn               (no ring)
MPRegen  0.2/turn               (no ring)

@: regenerating, very slow
A: claws 3, horns 1, talons 1
a: Berserk, Trog's Hand, Brothers in Arms, Burn Spellbooks, Renounce Religion


You were on level 8 of the Dungeon.
You worshipped Trog.
Trog was greatly pleased with you.
You were near starving.

You visited 1 branch of the dungeon, and saw 8 of its levels.

You collected 242 gold pieces.

Inventory:

Hand Weapons
 a - a +1 falchion (weapon)
Armour
 b - a +1 animal skin
 l - a +0 shield (worn)
 m - a +0 plate armour (worn)
 y - a cursed +0 cloak (worn)
Jewellery
 h - an amulet of faith (around neck)
 B - an uncursed amulet of magic regeneration {unknown}
Wands
 o - a wand of lightning (5/15)
 t - a wand of digging (7/24)
 v - a wand of acid (2/15)
Scrolls
 g - a scroll of recharging
 i - a scroll of teleportation
 j - 2 scrolls of fog
 r - 3 scrolls of magic mapping
 C - a scroll of remove curse
Potions
 c - a potion of resistance {unknown}
 d - a potion of haste {unknown}
 e - a potion of heal wounds {unknown}
 f - 4 potions of curing
 k - 2 potions of flight
 p - a potion of ambrosia {unknown}
 q - 2 potions of invisibility {unknown}
 s - a potion of lignification {unknown}
 u - a potion of brilliance {unknown}
 A - a potion of mutation {unknown}
Comestibles
 n - 4 bread rations
 w - 7 fruits
 x - a royal jelly


   Skills:
 - Level 3.0 Fighting
 + Level 10.4 Long Blades
 - Level 1.9 Armour
 - Level 1.8 Dodging
 - Level 2.1 Shields


You had 7 spell levels left.
You didn't know any spells.

Dungeon Overview and Level Annotations

Branches:
Dungeon (8/15)             Temple (0/1) D:5
   Lair: D:8-11

Altars:
Okawaru


Innate Abilities, Weirdness & Mutations

You have claws for hands.
You have a pair of small horns on your head.
You have sharp toenails.


Message History

You hit the sky beast. You claw the sky beast.
The sky beast is severely wounded.
The sky beast hits you but does no damage.
Your unstable footing causes you to fumble your attack.
The sky beast flickers out of sight!
Deactivating autopickup; reactivate with Ctrl-A.
Something hits you but does no damage.
Your shield and plate armour prevent you from hitting something.
Your kick misses something. Your headbutt misses something.
Something hits you but does no damage.
Your shield and plate armour prevent you from hitting something.
You claw something. You headbutt something.
The two-headed ogre hits you with a giant club! x2
* * * LOW HITPOINT WARNING * * *
Something hits you but does no damage.
Your skin crawls.
You feel resistant to hostile enchantments.
You feel somewhat more hungry.
The two-headed ogre hits you with a giant club!!
You die...

#######.#.
#.........
#.<# # #..#
#.##.#..#####
....!.O.....#
#.##.#{@###.#
#.#.†# # #.$#
#..# ....
###.# #.. ###


You could see a two-headed ogre.

Vanquished Creatures
  2 ice beasts (D:5)
  An orc warrior (D:6)
  A sky beast (D:5)
  2 ogres
  A centaur (D:7)
  4 bullfrogs
  A gnoll sergeant (D:6)
  2 scorpions
  A crimson imp (D:6)
  3 hounds
  A bullfrog skeleton (D:5)
  A jelly (D:6)
  An orc priest (D:5)
  A centaur skeleton (D:7)
  Jessica (D:3)
  An iguana (D:6)
  Natasha (thrice) (D:3)
  4 worker ants
  2 worker ant zombies
  Robin (D:2)
  5 gnolls (D:6)
  6 adders
  3 shadow imps
  2 oozes
  2 adder skeletons
  2 adder zombies
  2 worms
  3 leopard geckos
  15 orcs
  6 giant cockroaches
  8 goblins
  14 hobgoblins
  8 jackals
  9 kobolds
  2 quokkas
  A ball python (D:1)
  10 bats
  5 frilled lizards
  A jackal skeleton (D:5)
  5 rats
143 creatures vanquished.

Notes
Turn   | Place    | Note
-------+----------+-------------------------------------------
     0 | D:1      | vineage the Demonspawn Berserker began the quest for the Orb.
     0 | D:1      | Reached XP level 1. HP: 18/18 MP: 1/1
    53 | D:1      | Reached skill level 3 in Long Blades
   117 | D:1      | Gained mutation: You have sharp fingernails. [demonic ancestry]
   117 | D:1      | Reached XP level 2. HP: 18/24 MP: 2/2
   454 | D:1      | Gained mutation: You have a pair of small horns on your head. [demonic ancestry]
   454 | D:1      | Reached XP level 3. HP: 26/29 MP: 3/3
   544 | D:1      | Reached ** piety under Trog
   801 | D:2      | Reached skill level 4 in Long Blades
  1401 | D:2      | Gained mutation: You have very sharp fingernails. [demonic ancestry]
  1401 | D:2      | Reached XP level 4. HP: 19/35 MP: 4/4
  1622 | D:2      | Noticed Robin
  1643 | D:2      | Killed Robin
  2011 | D:3      | Reached *** piety under Trog
  2158 | D:3      | Noticed Natasha
  2169 | D:3      | Killed Natasha
  2169 | D:3      | Reached skill level 5 in Long Blades
  2169 | D:3      | Reached XP level 5. HP: 24/41 MP: 5/5
  2286 | D:3      | Noticed Natasha
  2290 | D:3      | Killed Natasha
  2471 | D:3      | Noticed Natasha
  2477 | D:3      | Killed Natasha
  2477 | D:3      | Reached skill level 1 in Shields
  2553 | D:3      | Noticed Jessica
  2561 | D:3      | Killed Jessica
  2704 | D:4      | You fall through a shaft!
  2704 | D:5      | Entered Level 5 of the Dungeon
  2704 | D:5      | Noticed an orc warrior
  2724 | D:6      | Gained mutation: You have sharp toenails. [demonic ancestry]
  2724 | D:6      | Reached XP level 6. HP: 15/47 MP: 6/6
  3023 | D:6      | Killed an orc warrior
  3023 | D:6      | Reached skill level 6 in Long Blades
  3500 | D:5      | Noticed an ice beast
  3508 | D:5      | Killed an ice beast
  3508 | D:5      | Gained mutation: You have claws for hands. [demonic ancestry]
  3508 | D:5      | Reached XP level 7. HP: 52/52 MP: 7/7
  3627 | D:5      | Reached skill level 7 in Long Blades
  3701 | D:5      | Found a staircase to the Ecumenical Temple.
  3812 | D:5      | Reached skill level 8 in Long Blades
  3912 | D:5      | Reached **** piety under Trog
  4396 | D:6      | Reached XP level 8. HP: 58/58 MP: 8/8
  4686 | D:6      | Reached skill level 9 in Long Blades
  4878 | D:6      | Found an iron altar of Okawaru.
  5506 | D:7      | Reached skill level 10 in Long Blades
  5507 | D:7      | Found an iron altar of Okawaru.
  6307 | D:8      | Noticed a two-headed ogre
  6314 | D:8      | Mangled by a two-headed ogre

Skill      XL: |  1  2  3  4  5  6  7  8 |
---------------+-------------------------+-----
Long Blades    | 3 4 5 6 8 10 | 10.4
Shields        | 1 2 |  2.1
Fighting       | |  3.0
Armour         | |  1.9
Dodging        | |  1.8

Action                   |  1- 3 |  4- 6 |  7- 9 || total
-------------------------+-------+-------+-------++-------
Melee: Falchion          |   106 |   146 |   236 ||   488
       Headbutt          |    12 |    24 |    45 ||    81
       Kick              |       |    19 |    72 ||    91
Invok: Berserk           |     1 |     4 |     1 ||     6
       Trog's Hand       |       |     2 |     2 ||     4
  Use: Scroll            |     6 |     4 |     3 ||    13
 Stab: Sleeping          |     1 |     2 |       ||     3
  Eat: Bread ration      |     1 |       |       ||     1
       Chunk             |       |     9 |     5 ||    14
       Meat ration       |       |       |     1 ||     1
Armor: Animal skin       |    24 |    24 |       ||    48
       Plate armour      |       |    12 |   125 ||   137
Dodge: Dodged            |    81 |    56 |    35 ||   172
Block: Shield            |     7 |    74 |    89 ||   170
       Rpst.: Falchion   |    33 |    16 |     6 ||    55
